 Dungeon Crawl Stone Soup version 0.31.0-12-g77e489cdc1 (webtiles) character file.

Game seed: 3820462255219866778

48 Gadfly the Shooter (level 4, -4/27 HPs)
             Began as a Kobold Hunter on Feb 25, 2024.
             Slain by a gnoll
             ... wielding a +0 flail
              (6 damage)
             ... on level 3 of the Dungeon.
             The game lasted 00:01:30 (988 turns).

Gadfly the Shooter (Kobold Hunter)                   Turns: 988, Time: 00:01:30

Health: -4/27      AC:  3    Str:  8    XL:     4   Next: 0%
Magic:  4/4        EV: 15    Int: 10    God:
Gold:   60         SH:  0    Dex: 20    Spells: 1/3 levels left

rFire   . . .        a - +0 shortbow
rCold   . . .        (shield currently unavailable)
rNeg    . . .        c - +0 leather armour
rPois   .            (no helmet)
rElec   .            (no cloak)
rCorr   .            (no gloves)
SInv    .            (no boots)
Will    .....        (no amulet)
Stlth   +++          (no ring)
HPRegen 0.24/turn    (no ring)
MPRegen 0.09/turn

%: no passive effects
@: no status effects
A: small, no large weapons, nightstalker 3
a: no special abilities


You were on level 3 of the Dungeon.
You visited 1 branch of the dungeon, and saw 3 of its levels.

You collected 60 gold pieces.

Inventory:

Hand Weapons
 a - a +0 shortbow (weapon)
Armour
 c - a +0 leather armour (worn)
Scrolls
 b - a scroll of butterflies
Potions
 e - a potion of attraction {unknown}
 f - 2 potions of enlightenment {unknown}


   Skills:
 + Level 2.7 Fighting
 + Level 5.6 Ranged Weapons
 + Level 3.0 Dodging
 - Level 1.3 Stealth
 * Level 2.3 Evocations


You had one spell level left.
You knew the following spells:

 Your Spells              Type           Power      Damage    Failure   Level
a - Blink                 Tloc           0%         N/A       63%         2

Your spell library contained the following spells:

 Spells                   Type           Power      Damage    Failure   Level
 Magic Dart               Conj           0%         1d3       50%         1
 Call Imp                 Summ           0%         N/A       63%         2


Dungeon Overview and Level Annotations

Branches:
Dungeon (2/15)

Altars:

Shops:
D:1 [


Innate Abilities, Weirdness & Mutations

You are small and have problems with some larger weapons.
You are completely attuned to the shadows.


Message History

You kill the gnoll!
You have reached level 4!
You shoot an arrow. The arrow barely misses the gnoll.
You shoot an arrow. The arrow closely misses the gnoll.
The gnoll hits you with a +0 flail.
You shoot an arrow. The arrow hits the gnoll.
The gnoll is lightly wounded.
The gnoll hits you with a +0 flail.
* * * LOW HITPOINT WARNING * * *
You are too injured to fight recklessly!
You are too injured to fight recklessly!
Casting: Blink (quite dangerous; 63% risk of failure)
Confirm with . or Enter, or press ? or * to list all spells.
Okay, then.
Casting: Blink (quite dangerous; 63% risk of failure)
Confirm with . or Enter, or press ? or * to list all spells.
You don't know that spell.
Unknown command.
Fire: a) +0 shortbow
Press: ? - help, Shift-Dir - straight line, f/p - gnoll
Aim: a gnoll, wielding a +0 flail (lightly wounded, 69% to hit)
You shoot an arrow. The arrow closely misses the gnoll.
The gnoll hits you with a +0 flail!
* * * LOW HITPOINT WARNING * * *
Unknown command.
Fire: a) +0 shortbow
Press: ? - help, Shift-Dir - straight line, f/p - gnoll
Aim: a gnoll, wielding a +0 flail (lightly wounded, 69% to hit)
You shoot an arrow. The arrow hits the gnoll!
The gnoll is almost dead.
The gnoll closely misses you.
Unknown command.
Fire: a) +0 shortbow
Press: ? - help, Shift-Dir - straight line, f/p - gnoll
Aim: a gnoll, wielding a +0 flail (almost dead, 69% to hit)
You shoot an arrow.
The arrow hits the gnoll but does no damage.
The gnoll is almost dead.
The gnoll hits you with a +0 flail.
You die...

#.# #.###### #..
##....... ...#..#..
##...###..
##.....#..##.###....#
..........#.## ##.#.#
#.)...#....# #...#
#..g..####.## ##.#.#
###@### ##.###.##.#
#.########...#....
#..............###
###########.##.#
#.##.# #.##.###
#....... #..###..
#..# #..


You could see a gnoll.

Vanquished Creatures
  2 gnolls (D:3)
  A ribbon worm (D:2)
  4 endoplasms (D:1)
  3 giant cockroaches (D:1)
  3 goblins (D:1)
  A hobgoblin (D:1)
  A kobold (D:1)
  2 quokkas (D:1)
  3 ball pythons (D:1)
  2 bats (D:1)
  A frilled lizard (D:1)
  A rat (D:2)
24 creatures vanquished.

Notes
Turn   | Place    | Note
-------+----------+-------------------------------------------
     0 | D:1      | Gadfly the Kobold Hunter began the quest for the Orb.
     0 | D:1      | Reached XP level 1. HP: 12/12 MP: 1/1
    12 | D:1      | Found Fereuto's Armour Emporium.
   240 | D:1      | Reached skill level 1 in Evocations
   240 | D:1      | Reached XP level 2. HP: 18/18 MP: 2/2
   468 | D:1      | Reached XP level 3. HP: 22/22 MP: 3/3
   803 | D:1      | Learned a level 2 spell: Blink
   909 | D:2      | You fall into a shaft and drop 1 floor!
   983 | D:3      | Reached XP level 4. HP: 17/27 MP: 4/4
   986 | D:3      | HP: 1/27 [gnoll/+0 flail (7)]
   988 | D:3      | Slain by a gnoll

Illustrated notes

Levels and vault maps discovered:
D:1:      onia_arrival_pentagram, layout_basic, serial_shops, shop
D:2:      layout_basic, serial_shops, shop
D:3:      gammafunk_steamed_eel, layout_loops_ring, nicolae_wu_jian_wuxing_cycle

Skill      XL: |  1  2  3 |
---------------+----------+-----
Evocations     | 1 2 |  2.3
Dodging        | 3 |  3.0
Fighting       | |  2.7
Ranged Weapons | |  5.6
Stealth        | |  1.3

Action                     |  1- 3 |  4- 6 || total
---------------------------+-------+-------++-------
   Fire: Shortbow          |    48 |     6 ||    54
    Use: Scroll            |     1 |       ||     1
         Potion            |     1 |       ||     1
 Armour: Leather armour    |     9 |     4 ||    13
  Dodge: Dodged            |    18 |     1 ||    19
